AoeStats
← THEAVENGR

MegaRandom

508839705Analyzed
4v4 RM · 7d ago on Sep 24, 2026· 33m 23s· 8 players
Game mode
Random Map
Map size
Large (8 player)
Population
200
Speed
Normal
Resources
Standard
Victory
Conquest
Starting age
Dark Age
Ending age
Imperial Age
RankedLock teamsTeams togetherTeam positionsShared explorationLock speedFull tech treeHidden civsTurbo modeCheats
Victory
Defeat
🇫🇷 Georgians · France
980
+15
🇩🇪 Dravidians · Germany
902
+18
🇬🇧 Shu · United Kingdom
896
+18
🇩🇪 Burgundians · Germany
848
+20
🇨🇿 Vietnamese · Czechia
968
-19
🇭🇺 Berbers · Hungary
939
-18
🇨🇳 Persians · China
935
-17
🇦🇺 Varangians · Australia
925
-17
jbw6792
11:14 Feudal Age
16:39 Castle Age
15:51 Double-Bit Axe
16:08 Horse Collar
22:37 Stone Mining
22:38 Gold Mining
23:33 Wheelbarrow
32:52 Imperial Age
30:57 Squires
31:12 Bloodlines
31:03 Husbandry
32:16 Hand Cart
32:59 Treadmill Crane
34:06 Conscription
Bc. .
11:41 Feudal Age
15:36 Castle Age
14:46 Padded Archer Armor
15:23 Fletching
16:43 Loom
16:53 Crossbowman
19:58 Ballistics
20:11 Bodkin Arrow
22:15 Leather Archer Armor
President of USA
THEAVENGR
12:13 Feudal Age
14:32 Loom
17:17 Castle Age
16:32 Double-Bit Axe
16:45 Horse Collar
19:25 Bloodlines
22:31 Forging
24:26 Stone Mining
26:32 Husbandry
28:47 Wheelbarrow
30:55 Scale Barding Armor
31:27 Iron Casting
32:23 Bow Saw
AIT | KIRIKOU
2:38 Loom
12:13 Feudal Age
14:31 Fletching
14:42 Padded Archer Armor
24:27 Castle Age
23:28 Forging
23:15 Double-Bit Axe
25:13 Pikeman
25:18 Crossbowman
25:59 Bodkin Arrow
26:20 Leather Archer Armor
30:02 Ballistics
30:52 Leather Archer Armor
32:00 Thumb Ring
gazza17
10:20 Loom
12:37 Feudal Age
20:17 Castle Age
19:03 Fletching
19:14 Padded Archer Armor
19:55 Gold Mining
19:53 Double-Bit Axe
20:29 Crossbowman
21:06 Bodkin Arrow
22:39 Leather Archer Armor
24:42 Thumb Ring
26:22 Ballistics
27:45 Bow Saw
28:14 Wheelbarrow
29:41 Elite Skirmisher
33:34 Horse Collar
farid_bang-92
2:51 Loom
5:02 Double-Bit Axe
8:28 Horse Collar
12:46 Feudal Age
12:24 Wheelbarrow
13:48 Heavy Plow
14:06 Bow Saw
17:26 Scale Barding Armor
17:36 Forging
20:35 Castle Age
19:14 Fletching
20:06 Stone Mining
20:08 Gold Mining
20:28 Padded Archer Armor
20:30 Scale Mail Armor
21:25 Husbandry
20:46 Cavalier
22:42 Two-Man Saw
23:01 Two-Man Saw
22:06 Town Watch
23:23 Crop Rotation
24:25 Hand Cart
26:43 Iron Casting
28:56 Gold Shaft Mining
29:50 Chain Barding Armor
35:47 Imperial Age
AnArKy
0:34 Loom
12:33 Feudal Age
13:37 Horse Collar
13:45 Double-Bit Axe
20:05 Castle Age
19:29 Gold Mining
19:53 Stone Mining
20:56 Bow Saw
32:07 Imperial Age
30:35 Wheelbarrow
30:51 Scale Barding Armor
30:57 Forging
31:38 Hand Cart
33:12 Conscription
33:04 Elite Monaspa
Connection lost

Rejoining the realm…

Still unreachable

The connection could not be restored.

Session expired

The server has moved on; the page needs a fresh start.